 Dungeon Crawl Stone Soup version 0.27-b1-42-g19c61b19a5 (webtiles) character file.

Game seed: 3284666391181033862

370 Sin92 the Chopper (level 6, -1/55 HPs)
             Began as a Minotaur Fighter on July 29, 2021.
             Slain by a gnoll (10 damage)
             ... on level 4 of the Dungeon.
             The game lasted 00:03:21 (2891 turns).

Sin92 the Chopper (Minotaur Fighter)                Turns: 2891, Time: 00:03:22

Health: -1/55      AC:  7    Str: 21    XL:     6   Next: 42%
Magic:  5/5        EV:  8    Int:  5    God:
Gold:   93         SH: 10    Dex: 11    Spells: 5/5 levels left

rFire    . . .     SeeInvis .   o - +4 flail (drain)
rCold    . . .     Faith    .   c - +0 kite shield
rNeg     . . .     Spirit   .   b - +0 scale mail
rPois    .         Reflect  .   (helmet restricted)
rElec    .         Harm     .   n - scarf {repulsion}
rCorr    .         Rampage  .   (no gloves)
Will     .....                  (no boots)
Stlth    ..........             (no amulet)
HPRegen  0.18/turn              (no ring)
MPRegen  0.09/turn              (no ring)

@: repel missiles
A: horns 2, retaliatory headbutt
a: no special abilities


You were on level 4 of the Dungeon.
You visited 1 branch of the dungeon, and saw 4 of its levels.

You collected 93 gold pieces.

Inventory:

Hand Weapons
 a - a +0 war axe
 o - a +4 flail of draining (weapon)
Armour
 b - a +0 scale mail (worn)
 c - a +0 kite shield (worn)
 n - a scarf of repulsion (worn)
Scrolls
 g - a scroll of silence {unknown}
 h - 4 scrolls of magic mapping
 j - a scroll of identify {unknown}
 p - a scroll of teleportation {unknown}
Potions
 d - a potion of might
 e - a potion of degeneration {unknown}
 f - a potion of curing
 i - 2 potions of heal wounds {unknown}
 k - a potion of lignification {unknown}
 l - a potion of resistance {unknown}
 m - a potion of flight {unknown}


   Skills:
 + Level 4.8 Fighting
 + Level 4.9(5.1) Axes
 * Level 1.4(3.4) Maces & Flails
 + Level 4.8 Armour
 + Level 2.6 Dodging
 + Level 4.7 Shields


You had 5 spell levels left.
You didn't know any spells.
Your spell library contained the following spells:

 Spells                   Type           Power      Damage    Failure   Level
 Freeze                   Ice            0%         1d3       99%         1
 Conjure Flame            Conj/Fire      0%         6-21      100%        3
 Frozen Ramparts          Ice            0%         1d2       100%        3
 Ignite Poison            Fire/Tmut/Pois 0%         N/A       100%        3
 Hailstorm                Conj/Ice       0%         3d3       100%        4
 Ice Form                 Ice/Tmut       0%         N/A       100%        4
 Sticky Flame             Conj/Fire      0%         2d3       100%        4
 Summon Ice Beast         Ice/Summ       0%         N/A       100%        4


Dungeon Overview and Level Annotations

Branches:
Dungeon (4/15)
 Temple: D:4-7

Altars:


Innate Abilities, Weirdness & Mutations

You have a pair of horns on your head.
You reflexively headbutt those who attack you in melee.


Message History

You barely miss the gnoll. The gnoll barely misses you.
The gnoll hits you from afar with a +0 halberd!
The gnoll barely misses you. You furiously retaliate!
You headbutt the gnoll. You block the gnoll's attack.
The gnoll hits you from afar with a +0 halberd!
The gnoll hits you with a +0 halberd.
There are monsters nearby!
You are too injured to fight recklessly!
There are monsters nearby!
You are too injured to fight recklessly!
Unknown command.
There are monsters nearby!
You are too injured to fight recklessly!
Unknown command.
You are too injured to fight recklessly!
Unknown command.
You are too injured to fight recklessly!
The gnoll misses you. You block the gnoll's attack.
The gnoll hits you from afar with a +0 halberd.
The gnoll closely misses you. The gnoll completely misses you.
You closely miss the gnoll. You headbutt the gnoll.
The gnoll is lightly wounded.
The gnoll barely misses you.
The gnoll hits you from afar with a +0 halberd.
Your shield and scale mail prevent you from hitting the gnoll.
You headbutt the gnoll.
The gnoll is heavily wounded.
You block the gnoll's attack. The gnoll barely misses you.
The gnoll hits you with a +0 halberd.
* * * LOW HITPOINT WARNING * * *
You sock the gnoll!
You kill the gnoll!
You block the gnoll's attack. The gnoll closely misses you.
The gnoll hits you with a +0 halberd.
* * * LOW HITPOINT WARNING * * *
You see here a +0 halberd.
You hit the gnoll. You drain the gnoll.
The gnoll is severely wounded.
The gnoll hits you from afar with a +0 halberd!
You die...

#..# #..##### #......#
##..##.#############...
######.†......##..........
........#.###.............
######..#.# ####.#######.#
#..#.# #.# #..#.# #@#
#..#.######g##
#.........ggg#
............?.....
............#.###
...###$#####<# .. #. . .
#. # #.


You could see 3 gnolls and a hobgoblin.

Vanquished Creatures
  Edmund (D:4)
  A phantom (D:4)
  A water moccasin skeleton (D:4)
  A bullfrog skeleton (D:3)
  An iguana (D:4)
  A gnoll (D:4)
  3 adders
  A dart slug (D:1)
  2 orcs (D:3)
  3 endoplasms
  3 giant cockroaches
  4 goblins
  6 hobgoblins
  6 kobolds
  A quokka (D:3)
  4 ball pythons
  4 bats
  3 frilled lizards
  3 rats (D:2)
49 creatures vanquished.

Vanquished Creatures (others)
  A fungus (D:1)
  2 plants (D:1)
3 creatures vanquished.

Grand Total: 52 creatures vanquished

Notes
Turn   | Place    | Note
-------+----------+-------------------------------------------
     0 | D:1      | Sin92 the Minotaur Fighter began the quest for the Orb.
     0 | D:1      | Reached XP level 1. HP: 19/19 MP: 0/0
   393 | D:1      | Reached XP level 2. HP: 24/27 MP: 1/1
   786 | D:1      | Found a faded altar of an unknown god.
  1160 | D:2      | Reached XP level 3. HP: 33/33 MP: 2/2
  1420 | D:2      | Reached skill level 1 in Dodging
  2072 | D:3      | Reached XP level 4. HP: 40/40 MP: 3/3
  2498 | D:4      | Reached XP level 5. HP: 41/47 MP: 4/4
  2546 | D:4      | Noticed Edmund
  2555 | D:4      | Killed Edmund
  2739 | D:4      | Noticed a phantom
  2750 | D:4      | Killed a phantom
  2751 | D:4      | Reached skill level 1 in Maces & Flails
  2751 | D:4      | Reached XP level 6. HP: 43/53 MP: 5/5
  2891 | D:4      | Slain by a gnoll

Illustrated notes

Levels and vault maps discovered:
D:1:      ebering_hopf_link, layout_basic, shapermc_ecumenical_altar_petra,
          hex_medium, minmay_tromino_v4_b
D:2:      layout_rooms, minmay_door_square, chequers_serial_rivers_marsh,
          grunt_decor_clamped
D:3:      layout_rooms
D:4:      corexii_shack_village, layout_loops_ring, uniq_edmund

Skill      XL: |  1  2  3  4  5 |
---------------+----------------+-----
Axes           | 3 4 |  4.9
Fighting       | 4 |  4.8
Armour         | 4 |  4.8
Dodging        | 1 2 |  2.6
Shields        | 4 |  4.7
Maces & Flails | 1 |  1.4

Action                   |  1- 3 |  4- 6 || total
-------------------------+-------+-------++-------
Melee: War axe           |    92 |    18 ||   110
       Headbutt          |    12 |    10 ||    22
       Flail             |       |    23 ||    23
  Use: Scroll            |       |     1 ||     1
       Potion            |       |     1 ||     1
Armor: Scale mail        |    37 |     6 ||    43
Dodge: Dodged            |    27 |    18 ||    45
Block: Kite shield       |    48 |    26 ||    74
